 Dungeon Crawl Stone Soup version 0.28.0-1-gb440e238dd (webtiles) character file.

Game seed: 12950683341809975654

245131 mortz the Sorcerer (level 18, -8/91 HPs)
             Began as a Deep Elf Conjurer on Feb 26, 2022.
             Was the Champion of Vehumet.
             Shot with an arrow by a centaur warrior (11 damage)
             ... on level 1 of the Vaults on Feb 27, 2022.
             The game lasted 07:31:36 (42033 turns).

mortz the Sorcerer (Deep Elf Conjurer)             Turns: 42033, Time: 07:31:37

Health: -8/91      AC: 20    Str:  8    XL:     18   Next: 75%
Magic:  65/68      EV: 17    Int: 33    God:    Vehumet [******]
Gold:   626        SH:  0    Dex: 15    Spells: 15/69 levels left

rFire   + + .      SeeInvis .   f - staff of conjuration {!a@e2staff}
rCold   + . .      Faith    .   V - orb {light}
rNeg    . . .      Spirit   .   E - +3 leather armour {rC+}
rPois   +          Reflect  .   x - +0 helmet "Abroypud" {Int+3 Stlth+}
rElec   .          Harm     .   v - +2 cloak {Stlth+}
rCorr   .          Rampage  .   S - +2 pair of gloves
Will    +....                   L - +5 pair of boots of the Great Game {rF+ MP+9 Int+2 Dex+2}
Stlth   ++........              e - amulet "Cirenaat" {RegenMP rF+}
HPRegen 0.25/turn               N - ring of poison resistance
MPRegen 0.81/turn               F - ring of magical power

@: glowing, studying Dodging
A: no striking features
}: 2/15 runes: decaying, serpentine
a: Renounce Religion


You were on level 1 of the Vaults.
You worshipped Vehumet.
Vehumet was exalted by your worship.
You visited 7 branches of the dungeon, and saw 32 of its levels.
You also visited: Volcano.

You collected 2787 gold pieces.
You spent 2161 gold pieces at shops.


   Skills:
 + Level 2.6 Fighting
 + Level 1.7 Long Blades
 + Level 0.1 Staves
 + Level 7.2 Throwing
 + Level 5.0 Armour
 + Level 11.0 Dodging
 + Level 6.9 Stealth
 + Level 1.5 Shields
 + Level 26.2 Spellcasting
 + Level 20.3 Conjurations
 + Level 4.5 Translocations
 + Level 1.4 Fire Magic
 + Level 13.0 Air Magic
 + Level 10.0 Earth Magic
 + Level 0.8 Evocations


You had 15 spell levels left.
You knew the following spells:

 Your Spells              Type           Power      Damage    Failure   Level
a - Magic Dart            Conj           100%       1d8       0%          1
b - Searing Ray           Conj           100%       2d8       0%          2
c - Dazzling Flash        Conj/Hex       100%       N/A       1%          3
d - Stone Arrow           Conj/Erth      100%       3d13      0%          3
e - Iskenderun's Mystic   Conj/Tloc      100%       2d19      1%          4
f - Airstrike             Air            46%        N/A       1%          4
g - Lightning Bolt        Conj/Air       62%        1d85      0%          5
h - Iskenderun's Battles  Conj           100%       2d15      0%          5
i - Lehudib's Crystal Sp  Conj/Erth      60%        10d14     2%          8
j - Iron Shot             Conj/Erth      60%        9d11      1%          6
k - Starburst             Conj/Fire      53%        6d14      1%          6
l - Orb of Destruction    Conj           66%        9d16      1%          7

Your spell library contained the following spells:

 Spells                   Type           Power      Damage    Failure   Level
 Maxwell's Capacitive Co  Air            46%        โˆž       6%          8
 Chain Lightning          Conj/Air       62%        3d82      21%         9
 Polar Vortex             Ice            21%        N/A       100%        9
 Shock                    Conj/Air       100%       1d9       0%          1
 Swiftness                Air            92%        N/A       0%          3
 Beastly Appendage        Tmut           86%        N/A       1%          1
 Scorch                   Fire           100%       2d10      1%          2
 Wereblood                Tmut           43%        N/A       1%          2
 Animate Armour           Summ/Erth      100%       N/A       1%          4
 Flame Wave               Conj/Fire      100%       2d17      1%          4
 Fulminant Prism          Conj/Hex       52%        3d23      1%          4
 Petrify                  Tmut/Erth      66%        N/A       1%          4
 Lee's Rapid Deconstruct  Erth           41%        3d21*     1%          5
 Call Canine Familiar     Summ           43%        N/A       2%          3
 Ozocubu's Armour         Ice            43%        N/A       2%          3
 Spider Form              Tmut/Pois      43%        N/A       2%          3
 Olgreb's Toxic Radiance  Pois           43%        N/A       2%          4
 Borgnjor's Vile Clutch   Necr/Erth      33%        N/A       2%          5
 Anguish                  Hex/Necr       21%        N/A       8%          4
 Animate Dead             Necr           21%        N/A       8%          4
 Summon Ice Beast         Ice/Summ       43%        N/A       8%          4
 Statue Form              Tmut/Erth      44%        N/A       14%         6
 Alistair's Intoxication  Tmut/Pois      28%        N/A       21%         5
 Excruciating Wounds      Necr           21%        N/A       21%         5
 Metabolic Englaciation   Hex/Ice        21%        N/A       21%         5
 Summon Mana Viper        Hex/Summ       43%        N/A       21%         5
 Eringya's Noxious Bog    Tmut/Pois      21%        N/A       28%         6
 Summon Cactus Giant      Summ           21%        N/A       75%         6
 Ozocubu's Refrigeration  Ice            21%        4d9       80%         7
 Fire Storm               Conj/Fire      53%        8d14      88%         9
 Haunt                    Necr/Summ      21%        N/A       99%         7
 Monstrous Menagerie      Summ           21%        N/A       99%         7

Inventory:

Hand Weapons
 q - the +1 rapier of the Firefly {venom, rElec rC+ Will+, short}
   (You found it on level 2 of the Swamp)

   It poisons the flesh of those it strikes.
   rC:        It protects you from cold.
   rElec:     It insulates you from electricity.
   Will:      It increases your willpower.
 z - a +4 scimitar of flaming {long}
   (You took it off Azrael on level 2 of the Snake Pit)
 P - a +5 long sword of holy wrath {long}
   (You took it off Donald on level 2 of the Swamp)
 U - a +2 scimitar of electrocution {long}
   (You took it off a naga on level 4 of the Snake Pit)
Armour
 i - +0 shadow dragon scales {rare}
   (You found it on level 1 of the Vaults)
 v - a +2 cloak of stealth (worn)
   (You took it off Crazy Yiuf on level 2 of the Dungeon)
 x - the +0 helmet "Abroypud" (worn) {Int+3 Stlth+}
   (You found it on level 6 of the Lair of Beasts)

   Int:       It affects your intelligence (+3).
   Stlth:     It makes you more stealthy.
 E - a +3 leather armour of cold resistance (worn)
   (You took it off Ijyb on level 4 of the Dungeon)
 K - a +0 robe of resistance
   (You took it off a naga on level 3 of the Snake Pit)
 L - the +5 pair of boots of the Great Game (worn) {rF+ MP+9 Int+2 Dex+2}
   (You found it on level 5 of the Dungeon)

   Int:       It affects your intelligence (+2).
   Dex:       It affects your dexterity (+2).
   rF:        It protects you from fire.
   MP:        It affects your magic capacity (+9).
 S - a +2 pair of gloves (worn)
   (You found it on level 3 of the Lair of Beasts)
 V - an orb of light (worn)
   (You found it on level 2 of the Lair of Beasts)
Magical Staves
 f - a staff of conjuration (weapon) {!a@e2staff}
   (You acquired it on level 5 of the Lair of Beasts)
Jewellery
 e - the amulet "Cirenaat" (around neck) {RegenMP rF+}
   (You acquired it on level 3 of the Lair of Beasts)

   [amulet of magic regeneration]

   It increases your rate of magic regeneration.
   rF:        It protects you from fire.
 g - a ring of protection from fire
   (You found it on level 5 of the Lair of Beasts)
 l - a ring of protection from cold
   (You took it off a naga sharpshooter on level 4 of the Snake Pit)
 F - a ring of magical power (right hand)
   (You bought it in a shop on level 2 of the Orcish Mines)
 N - a ring of poison resistance (left hand)
   (You found it on level 1 of the Lair of Beasts)
 R - a ring of resist corrosion
   (You took it off an orc sorcerer on level 11 of the Dungeon)
Wands
 a - a wand of polymorph (41)
   (You took it off Maurice on level 8 of the Dungeon)
 s - a wand of iceblast (7)
   (You found it on level 14 of the Dungeon)
 y - a wand of flame (112)
   (You took it off Terence on level 3 of the Dungeon)
 I - a wand of paralysis (12)
   (You found it on level 4 of the Dungeon)
 M - a wand of acid (16)
   (You found it on level 8 of the Dungeon)
 O - a wand of charming (19)
   (You took it off Erica on level 8 of the Dungeon)
 Q - a wand of mindburst (11)
   (You found it on level 8 of the Dungeon)
Scrolls
 c - a scroll of summoning
 d - 14 scrolls of teleportation {@r4}
 m - 2 scrolls of blinking {!r}
 o - 2 scrolls of brand weapon
 w - a scroll of fog
 C - 4 scrolls of fear
 D - 3 scrolls of silence {!r}
 H - 2 scrolls of enchant weapon
 X - 3 scrolls of amnesia
 Y - 2 scrolls of magic mapping {!r}
Potions
 h - 3 potions of might {unknown}
 j - 8 potions of heal wounds {@q2}
 k - 13 potions of curing {@q1}
 n - 3 potions of ambrosia {unknown}
 p - 10 potions of flight
 r - 4 potions of brilliance
 u - 6 potions of cancellation
 A - 3 potions of haste {@q3}
 B - 2 potions of resistance {unknown}
 G - a potion of magic {unknown}
 T - a potion of lignification {unknown}
 W - 2 potions of berserk rage {unknown}
Miscellaneous
 t - a lightning rod (4/4)
   (You found it on level 6 of the Lair of Beasts)
 J - a tin of tremorstones (2/2) {throwing}
   (You found it on level 2 of the Snake Pit)
 Z - a phial of floods
   (You found it on level 5 of the Lair of Beasts)

Dungeon Overview and Level Annotations

Branches:
Dungeon (14/15)            Temple (1/1) D:4            Lair (6/6) D:10
  Swamp (4/4) Lair:3        Snake (4/4) Lair:2        Slime (0/5) Lair:6
    Orc (2/2) D:9             Elf (0/3) Orc:2        Vaults (1/5) D:13
Volcano (visited)

Altars:
Cheibriados
Elyvilon
Fedhas
Gozag
Hepliaklqana
Okawaru
Qazlal
Sif Muna
Trog
Vehumet
Wu Jian
Yredelemnul
Zin

Shops:
D:2 (   D:6 ?   Orc:2 (*=[   Snake:1 :   Snake:2 ((   Snake:3 (([(

Annotations:
Lair:3 1 runed translucent door, bayes525's ghost, journeyman MiBe
Lair:6 3 runed translucent doors, Jenx's ghost, journeyman MiFi; issech's ghost, journeyman TrMo
Swamp:1 2 transporters, a3don's ghost, journeyman SpEn

..# #.......#
#........รท[#.... ..#
#.......#
#......รท.(.#.#.. ..#
#.......#
#.......รท[.([...
###########'###
#....[....(####.
..'....###....#
############ #.
..#....#......########
#.
..####.#.#....'......#
##
#####....#....'......#
.# #..#########.@....#
.# #.##...##.##......#
.# #.#.....#.##......#
.# #.'.....'.##..)...#
.#
#.#.....#.#####+#'######
.# #.##...##.#
#...cc'..#
.##########..#
#...cc'..#######
###....#....##
#..####''#......
###....#.#.## #..#
#..#......


You could see 4 centaur warriors.


Message History

๐Ÿ˜• HP[-8] MP[-5]
You take 8 damage, and now have 83/91 hp.
You lost 5 mp, and now have 59/68 mp.
Casting: Lightning Bolt (safe; 0% risk of failure)
Confirm with . or Enter, or press ? or * to list all spells.
You can't see any susceptible monsters within range! (Use Z to cast anyway.) Unknown command.
Casting: Lightning Bolt (safe; 0% risk of failure)
Confirm with . or Enter, or press ? or * to list all spells.
Aiming: Lightning Bolt (safe; 0% risk of failure)
Press: ? - help, Shift-Dir - straight line, f/p - centaur warrior
Aim: a centaur warrior, quivering arrows (heavily wounded, 79% to hit)
You feel a surge of power!
You hear a mighty clap of thunder!
The bolt of lightning hits the centaur warrior!
You hear a shout! x2
Your battlesphere fires!
The barrage of energy hits the centaur warrior!
The centaur warrior wields a +0 shortbow.
The centaur warrior shoots an arrow.
The arrow hits you but does no damage.
The centaur warrior wields a +0 shortbow.
The centaur warrior shoots an arrow.
The arrow hits you!!
The centaur warrior shoots an arrow.
The arrow misses you. ๐Ÿ˜ฎ HP[-22] MP[-4]
You take 22 damage, and now have 61/91 hp.
MASSIVE DAMAGE!! (PAUSE)
You lost 4 mp, and now have 55/68 mp.
Casting: Lightning Bolt (safe; 0% risk of failure)
Confirm with . or Enter, or press ? or * to list all spells.
Aiming: Lightning Bolt (safe; 0% risk of failure)
Press: ? - help, Shift-Dir - straight line, f/p - centaur warrior
Aim: a centaur warrior, wielding a +0 shortbow and quivering arrows (almost dead, 79% to hit)
You feel a surge of power!
You hear a mighty clap of thunder!
The bolt of lightning hits the centaur warrior!!
You kill the centaur warrior!
Vehumet accepts your kill.
Vehumet offers you knowledge of Chain Lightning, Polar Vortex, and Maxwell's Capacitive Coupling.
These spells will remain available as long as you worship Vehumet.
You feel your power returning.
Your battlesphere fires!
The barrage of energy hits the centaur warrior.
The centaur warrior wields a +0 shortbow.
The centaur warrior shoots an arrow.
The arrow hits you!
The centaur warrior shoots an arrow.
The arrow hits you!
* * * LOW HITPOINT WARNING * * *
The arrow burns you.
* * * LOW HITPOINT WARNING * * *
The centaur warrior shoots an arrow.
The arrow closely misses you.
The centaur warrior shoots an arrow.
The arrow hits you!
* * * LOW HITPOINT WARNING * * *
The centaur warrior shoots an arrow.
The arrow closely misses you. ๐Ÿ˜จ HP[-33] MP[-2]
You take 33 damage, and now have 28/91 hp.
MASSIVE DAMAGE!! (PAUSE)
You lost 2 mp, and now have 53/68 mp.
The centaur warrior shoots an arrow.
The arrow hits you.
* * * LOW HITPOINT WARNING * * *
The centaur warrior shoots an arrow.
The arrow barely misses your battlesphere.
The arrow misses you.
An arrow appears from out of your range of vision.
The arrow hits your battlesphere!!
There is an open door here. ๐Ÿ˜จ HP[-1] MP[+1]
You take 1 damage, and now have 27/91 hp.
The centaur warrior shoots an arrow.
The arrow closely misses you. ๐Ÿ˜จ HP[+1] MP[+1]
There is a large open door here. ๐Ÿ˜จ MP[+1]
There is a large open door here. ๐Ÿ˜จ MP[+1]
The centaur warrior shoots an arrow.
The arrow hits your battlesphere!!
Your battlesphere is destroyed!
You hear a shout! ๐Ÿ˜จ HP[+1] MP[+1] ๐Ÿ˜จ MP[+1] ๐Ÿ˜จ MP[+1]
The centaur warrior shoots an arrow.
The arrow hits you!
* * * LOW HITPOINT WARNING * * *
The centaur warrior shoots an arrow.
The arrow hits you!
* * * LOW HITPOINT WARNING * * *
There is an open door, spattered with blood here. ๐Ÿ˜ฑ HP[-16] MP[+1]
You take 16 damage, and now have 13/91 hp. ๐Ÿ˜ฑ MP[+1]
You close the door. ๐Ÿ˜ฑ MP[+1]
A centaur warrior opens the door.
A centaur warrior comes into view. It is wielding a +0 longbow.
The centaur warrior shoots an arrow.
The arrow hits you but does no damage. ๐Ÿ˜ฑ MP[+1]
The centaur warrior shoots an arrow.
The arrow barely misses you.
The centaur warrior shoots an arrow.
The arrow barely misses you.
The centaur warrior shoots an arrow.
The arrow misses you. ๐Ÿ˜ฑ HP[+1]
The centaur warrior shoots an arrow.
The arrow hits you!
* * * LOW HITPOINT WARNING * * *
The centaur warrior shoots an arrow.
The arrow closely misses you.
The centaur warrior shoots an arrow.
The arrow hits you!
You die...

Skill      XL: |  1  2  3  4  5  6  7  8  9 10 11 12 13 14 15 16 17 18 |
---------------+-------------------------------------------------------+-----
Conjurations   | 5 6 7 8 10 12 13 14 16 17 18 19 20 | 20.3
Armour         | 1 2 3 4 5 |  5.0
Stealth        | 3 4 5 6 |  6.9
Spellcasting   | 4 5 6 9 11 13 15 16 18 20 22 23 25 26 | 26.2
Throwing       | 1 2 4 7 |  7.2
Dodging        | 3 4 5 6 7 10 11 | 11.0
Earth Magic    | 2 4 6 7 9 10 | 10.0
Fighting       | 1 2 |  2.6
Shields        | 1 |  1.5
Translocations | 1 2 3 4 |  4.5
Air Magic      | 1 3 4 5 7 10 11 13 | 13.0
Long Blades    | 1 |  1.7
Fire Magic     | 1 |  1.4
Staves         | |  0.1
Evocations     | |  0.8

Action                   |  1- 3 |  4- 6 |  7- 9 | 10-12 | 13-15 | 16-18 || total
-------------------------+-------+-------+-------+-------+-------+-------++-------
Melee: Dagger            |     1 |       |       |       |       |       ||     1
       Falchion          |       |       |     3 |       |       |       ||     3
       Scimitar          |       |       |       |    47 |       |       ||    47
       Staff             |       |       |       |     8 |       |       ||     8
Throw: Dart              |       |     8 |       |   129 |    98 |       ||   235
 Cast: Magic Dart        |    46 |    15 |   119 |   127 |   347 |    12 ||   666
       Searing Ray       |     9 |    18 |    67 |     6 |     1 |       ||   101
       Stone Arrow       |       |       |    25 |   289 |   104 |       ||   418
       Iskenderun's Myst |       |       |       |    11 |    43 |    86 ||   140
       Airstrike         |       |       |       |    15 |     9 |    42 ||    66
       Lightning Bolt    |       |       |       |       |   191 |   472 ||   663
       Iskenderun's Batt |       |       |       |       |    83 |    94 ||   177
       Iron Shot         |       |       |       |       |    24 |    11 ||    35
       Lehudib's Crystal |       |       |       |       |     2 |     2 ||     4
       Starburst         |       |       |       |       |     5 |    10 ||    15
       Orb of Destructio |       |       |       |       |     3 |     1 ||     4
Evoke: Wand              |       |       |       |     5 |       |       ||     5
  Use: Scroll            |       |       |    13 |    10 |    10 |     2 ||    35
       Potion            |       |       |       |     1 |       |       ||     1
Armor: Robe              |     3 |       |       |       |       |       ||     3
       Leather armour    |       |     4 |    59 |    66 |       |    40 ||   169
       Steam dragon scal |       |       |       |    51 |    52 |     2 ||   105
Dodge: Dodged            |     2 |     4 |    38 |   148 |   122 |    62 ||   376
Block: Other             |       |       |     8 |    36 |       |       ||    44
       Reflection        |       |       |     1 |     3 |       |       ||     4

Levels and vault maps discovered:
D:1:      ncdulo_smallfort, layout_rooms, serial_forest,
          infiniplex_forest_clump_C, infiniplex_forest_clump_cross,
          infiniplex_forest_straight_4, infiniplex_forest_clump_small,
          infiniplex_forest_corner_1, infiniplex_forest_clump_curved,
          infiniplex_forest_straight_2
D:2:      wander_river, layout_loops_ring, serial_forest,
          infiniplex_forest_straight_2, infiniplex_forest_diagonal,
          infiniplex_forest_clump_cross, infiniplex_forest_clump_medium,
          infiniplex_forest_clump_diagonal, infiniplex_forest_straight_2,
          infiniplex_forest_lined_corner, serial_shops, shop_fountains,
          minmay_domino_2, uniq_sigmund, uniq_robin, uniq_crazy_yiuf_cottage,
          uniq_natasha
D:3:      layout_rooms, mainiacjoe_overflow_cross_hatched,
          chequers_serial_rivers_large_a, uniq_grinder, uniq_terence
D:4:      layout_loops_ring, minmay_temple_entry_hall, uniq_ijyb
D:5:      layout_rooms, grunt_ministairs_15
D:6:      layout_layer_cave, serial_shops, shop
D:7:      layout_cave_pools, enter_bailey_4, minmay_diced_spiral
D:8:      layout_loops_ring, serial_ice, serial_ice_h, serial_ice_d,
          serial_ice_g, serial_ice_i, kennysheep_decorative_pillar,
          fountainhead, uniq_erica, uniq_gastronok, uniq_maurice
D:9:      layout_stronghold, orc_0_dummy
D:10:     layout_long_grid, minmay_lair_entry_grove, uniq_urug
D:11:     cheibrodos_wizards_tower, layout_loops_corners,
          kennysheep_generic_room_6
D:12:     layout_rooms, serial_curves, eino_curves_02, eino_curves_04,
          minmay_misc_feat_more_columns
D:13:     layout_stronghold, hangedman_vaults_entry_quadrant_bands,
          minmay_misc_feat_ornament, drop_trap
D:14:     layout_gridville, nzn_hepliaklqana_mist_gate
Temple:   compressed_dpeg_triangle_lava_temple
Lair:1:   layout_long_grid, nicolae_volcano_entry_two_sided, uniq_fannar
Lair:2:   layout_layer_cave, dummy_snake_entry
Lair:3:   layout_misc_corridors, skrybe_swamp_entry_bodies,
          gammafunk_ghost_grave
Lair:4:   layout_hall_layers
Lair:5:   layout_misc_corridors
Lair:6:   minmay_lair_end_frog_pond, layout_cellular_growth,
          minmay_slime_entry_pillars, gammafunk_ghost_cemetery
Swamp:1:  layout_basic_swamp, gammafunk_ghost_wrathful_warriors,
          wheals_swamp_sinkhole, swamp_pool4
Swamp:2:  layout_falls_marsh, evilmike_swamp_ruin_rubble_1, swamp_pool1,
          nicolae_swamp_snake_nest, uniq_mlioglotl, uniq_donald
Swamp:3:  layout_basic_swamp, evilmike_swamp_ruin_house_4,
          infiniplex_staircase_pool
Swamp:4:  byrel_swamp_growth_death_and_undeath, layout_basic_swamp, uniq_mara
Snake:1:  layout_chambers, basic_altar, serial_shops,
          nicolae_shop_hallway_stairs, serial_bayou_pond_b, grunt_ministairs_13
Snake:2:  layout_grid_maze, serial_shops, nicolae_shop_hallway_stairs, shop,
          uniq_aizul, uniq_nikola, uniq_azrael
Snake:3:  layout_rooms, minmay_shoptagon
Snake:4:  snake_pit, layout_cave_town, nicolae_snake_gridmaze_tees,
          grunt_ministairs_8, lemuel_fruit_tree, uniq_vashnia, uniq_saint_roka
Orc:1:    cheibrodos_orc_guarddog, layout_caves
Orc:2:    grunt_orc_gardens, layout_diamond_mine, grunt_orc_garden,
          grunt_orc_garden, grunt_orc_garden, grunt_orc_garden
Vaults:1: nicolae_vaults_network_periphery, nicolae_vaults_disjoint_gnomons,
          v_misc_23, ontoclasm_vaults_ring_large, hangedman_vaults_locks,
          ontoclasm_vaults_tryst, ontoclasm_vaults_gateway,
          vaults_room_door_ring, nicolae_vaults_little_squares_6,
          layout_vaults_omnibox

Notes
Turn   | Place    | Note
-------+----------+-------------------------------------------
     0 | D:1      | mortz the Deep Elf Conjurer began the quest for the Orb.
     0 | D:1      | Reached XP level 1. HP: 10/10 MP: 6/6
     0 | D:1      | magus.rc [v1.9.6]
   241 | D:1      | Reached XP level 2. HP: 15/15 MP: 5/8
   286 | D:1      | Learned a level 2 spell: Searing Ray
   423 | D:1      | Reached skill level 5 in Conjurations
   561 | D:1      | Reached XP level 3. HP: 19/19 MP: 4/9
  1054 | D:2      | Found a runed translucent door.
  1055 | D:2      | Noticed Crazy Yiuf
  1365 | D:2      | Noticed Robin
  1408 | D:2      | Killed Robin
  1409 | D:2      | Found Innyg's Antique Weapon Shoppe.
  1538 | D:2      | Noticed Natasha
  1541 | D:2      | Killed Natasha
  1542 | D:2      | Reached XP level 4. HP: 14/24 MP: 6/11
  1676 | D:2      | Reached skill level 6 in Conjurations
  1948 | D:2      | Noticed Sigmund
  2044 | D:3      | Noticed Grinder
  2299 | D:2      | Noticed Natasha
  2302 | D:2      | Killed Natasha
  2528 | D:2      | Killed Sigmund
  2529 | D:2      | Reached skill level 1 in Armour
  2529 | D:2      | Reached skill level 3 in Stealth
  2529 | D:2      | Reached skill level 4 in Spellcasting
  2529 | D:2      | Reached XP level 5. HP: 16/28 MP: 9/14
  2529 | D:2      | Reached XP level 6. HP: 18/32 MP: 9/15
  2674 | D:2      | Noticed Natasha
  2737 | D:2      | Killed Natasha
  3005 | D:2      | Killed Crazy Yiuf
  3321 | D:3      | Killed Grinder
  3322 | D:3      | Reached skill level 1 in Throwing
  3322 | D:3      | Reached skill level 4 in Stealth
  3322 | D:3      | Reached skill level 5 in Spellcasting
  3322 | D:3      | Reached skill level 7 in Conjurations
  3322 | D:3      | Reached XP level 7. HP: 16/36 MP: 7/17
  3483 | D:3      | Noticed Terence
  3500 | D:3      | Reached skill level 2 in Armour
  3572 | D:3      | Killed Terence
  3573 | D:3      | Reached skill level 3 in Dodging
  3724 | D:3      | Found a bloodstained altar of Trog.
  3880 | D:3      | Learned a level 3 spell: Dazzling Flash
  3929 | D:3      | You pick up a book of Air and begin reading...
  3929 | D:3      | You add the spells Shock, Swiftness and Airstrike to your
                  | library.
  4219 | D:4      | Noticed Ijyb
  4225 | D:4      | Killed Ijyb
  4481 | D:4      | Found a staircase to the Ecumenical Temple.
  4487 | Temple   | Entered the Ecumenical Temple
  4496 | Temple   | Became a worshipper of Vehumet
  4539 | D:4      | Reached skill level 6 in Spellcasting
  5195 | D:5      | Entered Level 5 of the Dungeon
  5394 | D:5      | Reached skill level 5 in Stealth
  5394 | D:5      | Reached XP level 8. HP: 41/41 MP: 13/19
  5454 | D:5      | You add the spells Alistair's Intoxication, Borgnjor's Vile
                  | Clutch and Eringya's Noxious Bog to your library.
  5590 | D:5      | Identified the +5 pair of boots of the Great Game {rF+ MP+9
                  | Int+2 Dex+2}
  6176 | D:2      | Bought a glowing mace for 144 gold pieces
  6259 | D:6      | Reached skill level 7 in Spellcasting
  6259 | D:6      | Reached skill level 8 in Conjurations
  6307 | D:6      | Found Jeane's Magic Scroll Shoppe.
  6312 | D:6      | Bought a scroll of identify for 26 gold pieces
  6582 | D:6      | Reached * piety under Vehumet
  6582 | D:6      | Offered knowledge of Sandblast by Vehumet.
  6798 | D:6      | Reached skill level 3 in Armour
  6798 | D:6      | Reached skill level 8 in Spellcasting
  7840 | D:6      | Bought a scroll of magic mapping for 45 gold pieces
  7953 | D:7      | Reached skill level 9 in Spellcasting
  7958 | D:7      | Reached XP level 9. HP: 45/45 MP: 16/24
  8089 | D:7      | Reached skill level 9 in Conjurations
  8089 | D:7      | You pick up a book of Armaments and begin reading...
  8089 | D:7      | You add the spells Stone Arrow, Animate Armour and
                  | Lehudib's Crystal Spear to your library.
  8094 | D:7      | Learned a level 3 spell: Stone Arrow
  8256 | D:7      | HP: 10/45 [something (6)]
  8270 | D:7      | HP: 3/45 [something (3)]
  8272 | D:7      | HP: 1/45 [something (1)]
  8776 | D:6      | Bought a scroll of identify for 26 gold pieces
  8776 | D:6      | Bought a scroll of identify for 26 gold pieces
  8863 | D:7      | Killed an unseen horror
  8864 | D:7      | Reached skill level 10 in Spellcasting
  9322 | D:8      | Noticed Maurice
  9364 | D:8      | Noticed a polar bear
  9372 | D:8      | Killed a polar bear
  9373 | D:8      | Reached skill level 4 in Dodging
  9373 | D:8      | Reached skill level 1 in Earth Magic
  9442 | D:8      | Noticed Erica
  9446 | D:8      | Killed Erica
  9447 | D:8      | Reached skill level 11 in Spellcasting
  9447 | D:8      | Reached skill level 10 in Conjurations
  9543 | D:8      | Learned a level 4 spell: Iskenderun's Mystic Blast
  9566 | D:8      | Noticed a cyclops
  9568 | D:8      | Noticed a polar bear
  9599 | D:8      | Reached skill level 2 in Earth Magic
  9607 | D:8      | Killed a cyclops
  9608 | D:8      | Reached skill level 6 in Stealth
  9608 | D:8      | Reached XP level 10. HP: 51/51 MP: 4/27
  9975 | D:8      | Reached skill level 3 in Earth Magic
 10236 | D:8      | Noticed Gastronok
 10266 | D:8      | Killed Gastronok
 10267 | D:8      | Reached skill level 1 in Fighting
 10267 | D:8      | Reached skill level 12 in Spellcasting
 10267 | D:8      | Reached skill level 11 in Conjurations
 10267 | D:8      | Reached skill level 4 in Earth Magic
 10706 | D:8      | Killed Maurice
 11030 | D:6      | Bought a scroll of identify for 26 gold pieces
 11120 | D:9      | Reached skill level 13 in Spellcasting
 11170 | D:9      | Reached ** piety under Vehumet
 11172 | D:9      | Offered knowledge of Scorch by Vehumet.
 11321 | D:9      | You add the spells Anguish, Animate Dead and Excruciating
                  | Wounds to your library.
 11321 | D:9      | Got the Papyrus of Necromancy and Earth
 11326 | D:9      | Found a staircase to the Orcish Mines.
 11454 | D:9      | Reached skill level 12 in Conjurations
 11615 | D:9      | Reached XP level 11. HP: 56/56 MP: 30/30
 11675 | D:9      | Reached skill level 1 in Shields
 12002 | D:9      | Identified the +0 robe of the True Pharaoh {Dex+7 Stlth+}
 12229 | D:9      | Reached skill level 4 in Armour
 12678 | D:10     | Entered Level 10 of the Dungeon
 12999 | D:10     | Offered knowledge of Conjure Flame by Vehumet.
 13004 | D:10     | Reached skill level 14 in Spellcasting
 13222 | D:10     | Noticed Urug
 13449 | D:10     | Reached *** piety under Vehumet
 13497 | D:10     | Reached skill level 5 in Earth Magic
 13949 | D:10     | Found a staircase to the Lair.
 14200 | Lair:1   | Entered Level 1 of the Lair of Beasts
 14499 | Lair:1   | Noticed Fannar
 14519 | Lair:1   | Killed Fannar
 14788 | Lair:1   | Found a dark tunnel.
 14847 | Volcano  | Entered a volcano
 14922 | Volcano  | Reached skill level 6 in Earth Magic
 14955 | Volcano  | Reached skill level 13 in Conjurations
 14956 | Volcano  | Offered knowledge of Ignite Poison by Vehumet.
 15125 | Volcano  | Noticed a sun demon
 15137 | Volcano  | Learned a level 4 spell: Airstrike
 15149 | Volcano  | Killed a sun demon
 15150 | Volcano  | Reached skill level 2 in Throwing
 15150 | Volcano  | Reached skill level 5 in Dodging
 15248 | Volcano  | Reached skill level 15 in Spellcasting
 15330 | Volcano  | Reached skill level 1 in Translocations
 15395 | Volcano  | Noticed a sun demon
 15399 | Volcano  | Noticed a sun demon
 15407 | Volcano  | Killed a sun demon
 15408 | Volcano  | Reached skill level 1 in Air Magic
 15413 | Volcano  | HP: 10/56 [sun demon (6)]
 15439 | Volcano  | Killed a sun demon
 15440 | Volcano  | Reached XP level 12. HP: 15/60 MP: 1/33
 15758 | Volcano  | Noticed a fire dragon
 15771 | Volcano  | Killed a fire dragon
 15772 | Volcano  | Reached skill level 2 in Air Magic
 16268 | Lair:2   | Noticed a six-headed hydra
 16283 | Lair:2   | Killed a six-headed hydra
 16598 | Lair:2   | Found a staircase to the Snake Pit.
 16647 | Lair:2   | Reached skill level 3 in Air Magic
 16985 | Lair:3   | Identified a scroll of acquirement
 16986 | Lair:3   | Acquired the amulet "Cirenaat" {RegenMP rF+}
 17067 | Lair:3   | Reached skill level 1 in Long Blades
 17188 | Lair:3   | Reached skill level 3 in Throwing
 17287 | Lair:3   | Reached skill level 16 in Spellcasting
 17342 | Lair:3   | Found a staircase to the Swamp.
 17393 | Lair:3   | Noticed an eight-headed hydra
 17394 | Lair:3   | Reached skill level 7 in Earth Magic
 17550 | Lair:3   | Killed an eight-headed hydra
 17553 | Lair:3   | Reached **** piety under Vehumet
 17864 | Lair:3   | You fall into a shaft and drop 3 floors!
 17864 | Lair:6   | Entered Level 6 of the Lair of Beasts
 17939 | Lair:5   | Reached skill level 2 in Fighting
 17959 | Lair:5   | Noticed a death yak
 17964 | Lair:5   | Noticed a six-headed hydra
 18133 | Lair:3   | Found a runed translucent door.
 18133 | Lair:3   | Noticed bayes525's ghost (journeyman MiBe)
 18493 | Lair:4   | Reached skill level 4 in Throwing
 18493 | Lair:4   | Reached skill level 6 in Dodging
 19383 | Lair:5   | Acquired a staff of conjuration
 19529 | Lair:5   | Offered knowledge of Lightning Bolt by Vehumet.
 19530 | Lair:5   | Reached XP level 13. HP: 49/66 MP: 35/35
 19736 | Lair:5   | Reached skill level 5 in Throwing
 19783 | Lair:5   | >>+2 fire resist leather
 19896 | Lair:5   | You add the spells Ozocubu's Armour and Ozocubu's
                  | Refrigeration to your library.
 19903 | Lair:5   | Learned a level 5 spell: Lightning Bolt
 19927 | Lair:5   | Reached skill level 17 in Spellcasting
 20091 | Lair:5   | Reached skill level 8 in Earth Magic
 20107 | Lair:5   | Reached skill level 14 in Conjurations
 20520 | Lair:5   | Reached skill level 6 in Throwing
 20524 | Lair:5   | Reached skill level 2 in Translocations
 21288 | Lair:5   | Reached skill level 18 in Spellcasting
 21486 | Lair:6   | Reached skill level 4 in Air Magic
 21487 | Lair:6   | Reached skill level 9 in Earth Magic
 21611 | Lair:6   | Identified the +0 helmet "Abroypud" {Int+3 Stlth+}
 21663 | Lair:6   | Reached ***** piety under Vehumet
 21677 | Lair:6   | Offered knowledge of Iskenderun's Battlesphere by Vehumet.
 21684 | Lair:6   | Learned a level 5 spell: Iskenderun's Battlesphere
 21734 | Lair:6   | Reached skill level 7 in Throwing
 21752 | Lair:6   | Reached XP level 14. HP: 72/72 MP: 38/38
 22209 | Lair:6   | Reached skill level 15 in Conjurations
 22275 | Lair:6   | Found a staircase to the Slime Pits.
 22488 | Lair:6   | Reached skill level 3 in Translocations
 22493 | Lair:6   | Reached skill level 19 in Spellcasting
 22636 | Lair:6   | You add the spells Call Canine Familiar, Haunt and Fire
                  | Storm to your library.
 22636 | Lair:6   | Got Asmodeus's Incunabulum of Ignition and the Entourage
 22648 | Lair:6   | Learned a level 8 spell: Lehudib's Crystal Spear
 22789 | Lair:6   | Found a runed translucent gate.
 22789 | Lair:6   | Found a runed translucent gate.
 22789 | Lair:6   | Found a runed translucent gate.
 22793 | Lair:6   | Noticed Jenx's ghost (journeyman MiFi)
 22834 | Lair:6   | Noticed issech's ghost (journeyman TrMo)
 23102 | D:10     | Killed Urug
 23991 | D:11     | You add the spells Olgreb's Toxic Radiance and Iron Shot to
                  | your library.
 23991 | D:11     | Got Colewk's Papyrus of Virous Confrontation
 23999 | D:11     | Learned a level 6 spell: Iron Shot
 24546 | D:12     | HP: 8/72 [centaur warrior/arrow (12)]
 24547 | D:12     | HP: 2/72 [centaur warrior/arrow (6)]
 25129 | D:12     | Offered knowledge of Lee's Rapid Deconstruction by Vehumet.
 25201 | D:12     | Reached skill level 5 in Air Magic
 25519 | Orc:1    | Entered Level 1 of the Orcish Mines
 25925 | Orc:2    | Entered Level 2 of the Orcish Mines
 25925 | Orc:2    | Found a staircase to the Elven Halls.
 26126 | Orc:2    | Found Laetuiw's Antique Armour Shoppe.
 26130 | Orc:2    | Reached skill level 20 in Spellcasting
 26136 | Orc:2    | Reached skill level 16 in Conjurations
 26225 | Orc:2    | Found Agge's General Store.
 26269 | Orc:2    | Bought a scroll of identify for 28 gold pieces
 26402 | Orc:2    | Found Geujoi's Jewellery Emporium.
 26437 | Orc:2    | Bought a ring of magical power for 320 gold pieces
 26600 | Orc:2    | Offered knowledge of Starburst by Vehumet.
 26615 | Orc:2    | Learned a level 6 spell: Starburst
 26617 | Orc:2    | Found Caboegir's Antique Weapon Boutique.
 26668 | Orc:2    | Noticed an orc warlord
 26679 | Orc:2    | Killed an orc warlord
 27445 | D:13     | Reached XP level 15. HP: 76/76 MP: 41/41
 28253 | D:13     | Reached skill level 6 in Air Magic
 28420 | D:13     | Found a gate to the Vaults.
 29252 | D:14     | Found a hazy altar of Hepliaklqana.
 29346 | D:14     | Reached skill level 21 in Spellcasting
 29783 | Swamp:1  | Entered Level 1 of the Swamp
 29876 | Swamp:1  | Reached skill level 7 in Air Magic
 29912 | Swamp:1  | Noticed a3don's ghost (journeyman SpEn)
 29928 | Swamp:1  | Found a transporter.
 29933 | Swamp:1  | Found a transporter.
 29934 | Swamp:1  | Found a bloodstained altar of Trog.
 29984 | Swamp:1  | Identified +2 gold dragon scales
 30013 | Swamp:1  | Offered knowledge of Orb of Destruction by Vehumet.
 30014 | Swamp:1  | Reached skill level 17 in Conjurations
 30024 | Swamp:1  | Learned a level 7 spell: Orb of Destruction
 30182 | Swamp:1  | You pick up a book of Sloth and begin reading...
 30182 | Swamp:1  | You add the spells Petrify, Metabolic Englaciation and
                  | Statue Form to your library.
 30488 | Swamp:2  | Noticed Mlioglotl
 30494 | Swamp:2  | Killed Mlioglotl
 30707 | Swamp:2  | Reached skill level 22 in Spellcasting
 30736 | Swamp:2  | Noticed Donald
 30740 | Swamp:2  | Killed Donald
 30741 | Swamp:2  | Reached skill level 10 in Earth Magic
 30794 | Swamp:2  | Identified the +0 chain mail of the Tarantula {rN+}
 30807 | Swamp:2  | Identified the +1 rapier of the Firefly {venom, rElec rC+
                  | Will+}
 31157 | Swamp:3  | Reached XP level 16. HP: 81/81 MP: 32/44
 31226 | Swamp:3  | Identified the amulet "Dixkemno" {Spirit Harm rPois}
 31238 | Swamp:3  | Reached skill level 8 in Air Magic
 31790 | Swamp:4  | Entered Level 4 of the Swamp
 32013 | Swamp:4  | Noticed Mara
 32019 | Swamp:4  | Noticed mortz's illusion
 32020 | Swamp:4  | Killed Mara
 32053 | Swamp:4  | Offered knowledge of Conjure Ball Lightning by Vehumet.
 32054 | Swamp:4  | Reached skill level 9 in Air Magic
 32148 | Swamp:4  | Reached skill level 23 in Spellcasting
 32149 | Swamp:4  | Reached skill level 18 in Conjurations
 32165 | Swamp:4  | Noticed a thorn hunter
 32168 | Swamp:4  | Killed a thorn hunter
 32604 | Swamp:4  | Noticed a thorn hunter
 32612 | Swamp:4  | Killed a thorn hunter
 32613 | Swamp:4  | Reached skill level 10 in Air Magic
 32682 | Swamp:4  | Noticed a thorn hunter
 32688 | Swamp:4  | Killed a thorn hunter
 32817 | Swamp:4  | Found a blossoming altar of Fedhas.
 32873 | Swamp:4  | You pick up a book of Changes and begin reading...
 32873 | Swamp:4  | You add the spells Beastly Appendage, Wereblood and Spider
                  | Form to your library.
 32878 | Swamp:4  | Got a decaying rune of Zot
 32896 | Swamp:4  | Found a basalt altar of Yredelemnul.
 33401 | Snake:1  | Entered Level 1 of the Snake Pit
 33523 | Snake:1  | Found a blossoming altar of Fedhas.
 34002 | Snake:1  | Found Joziez's Book Shop.
 34009 | Snake:1  | Bought a manual of Dodging for 1520 gold pieces
 34039 | Snake:1  | Reached skill level 7 in Dodging
 34148 | Snake:1  | Reached XP level 17. HP: 68/85 MP: 46/46
 34398 | Snake:1  | You fall into a shaft and drop 1 floor!
 34407 | Snake:2  | Noticed Nikola
 34412 | Snake:2  | Killed Nikola
 34419 | Snake:2  | Offered knowledge of Freezing Cloud by Vehumet.
 34623 | Snake:2  | Reached skill level 24 in Spellcasting
 34655 | Snake:2  | Noticed Aizul
 34663 | Snake:2  | Killed Aizul
 34731 | Snake:2  | Reached skill level 8 in Dodging
 34871 | Snake:2  | Noticed Azrael
 34873 | Snake:2  | Killed Azrael
 35130 | Snake:2  | Reached skill level 11 in Air Magic
 35239 | Snake:2  | Found Houlaul's Weapon Shoppe.
 35383 | Snake:2  | Found Kiusogu's Antique Weapon Shop.
 35421 | Snake:2  | Reached skill level 9 in Dodging
 36266 | Snake:3  | Reached skill level 19 in Conjurations
 36491 | Snake:3  | You pick up a book of Blasting and begin reading...
 36573 | Snake:3  | You pick up a book of Scorching and begin reading...
 36573 | Snake:3  | You add the spells Scorch, Flame Wave and Summon Cactus
                  | Giant to your library.
 36653 | Snake:3  | Reached skill level 10 in Dodging
 36866 | Snake:3  | Found Etaovviq's Antique Weapon Boutique.
 36869 | Snake:3  | Found Woddaosm's Weapon Shop.
 36869 | Snake:3  | Found Gusatwirph's Weapon Boutique.
 36874 | Snake:3  | Found Qoichen's Armour Shop.
 36997 | Snake:4  | Entered Level 4 of the Snake Pit
 37213 | Snake:4  | Noticed Saint Roka
 37682 | Snake:4  | Reached skill level 1 in Fire Magic
 37874 | Snake:4  | Reached ****** piety under Vehumet
 37928 | Snake:4  | Noticed Vashnia
 37941 | Snake:4  | Killed Vashnia
 37942 | Snake:4  | Reached skill level 4 in Translocations
 37945 | Snake:4  | Offered knowledge of Ignition by Vehumet.
 38156 | Snake:4  | Reached skill level 25 in Spellcasting
 38166 | Snake:4  | Killed Saint Roka
 38427 | Snake:4  | Reached XP level 18. HP: 91/91 MP: 49/49
 38463 | Snake:4  | Reached skill level 12 in Air Magic
 40042 | Snake:4  | Got a serpentine rune of Zot
 40043 | Snake:4  | magus.rc [v1.9.6]
 40043 | Snake:4  | magus.rc [v1.9.6]
 40147 | Snake:4  | magus.rc [v1.9.6]
 40362 | Vaults:1 | Entered Level 1 of the Vaults
 40527 | Vaults:1 | Reached skill level 11 in Dodging
 40563 | Vaults:1 | Reached skill level 20 in Conjurations
 40981 | Vaults:1 | Reached skill level 26 in Spellcasting
 41422 | Vaults:1 | Reached skill level 5 in Armour
 41424 | Vaults:1 | Reached skill level 13 in Air Magic
 41493 | Vaults:1 | You finish putting on your +0 shadow dragon scales {rare}.
 41498 | Vaults:1 | You finish taking off your +0 shadow dragon scales {rare}.
 41519 | Vaults:1 | You pick up a book of Beasts and begin reading...
 41519 | Vaults:1 | You add the spells Summon Ice Beast, Summon Mana Viper and
                  | Monstrous Menagerie to your library.
 42018 | Vaults:1 | Offered knowledge of Chain Lightning by Vehumet.
 42018 | Vaults:1 | Offered knowledge of Polar Vortex by Vehumet.
 42018 | Vaults:1 | Offered knowledge of Maxwell's Capacitive Coupling by
                  | Vehumet.
 42028 | Vaults:1 | HP: 21/91 [centaur warrior/arrow (9)]
 42033 | Vaults:1 | HP: 3/91 [centaur warrior/arrow (11)]
 42033 | Vaults:1 | Shot with an arrow by a centaur warrior

Vanquished Creatures
  Mara (Swamp:4)
  Saint Roka (Snake:4)
  Vashnia (Snake:4)
  Nikola (Snake:2)
  Mlioglotl (Swamp:2)
  Gastronok (D:8)
  3 thorn hunters (Swamp:4)
  2 nagarajas (Snake:4)
  Donald (Swamp:2)
  An orc warlord (Orc:2)
  Aizul (Snake:2)
  A vault warden (Vaults:1)
  An ironbound thunderhulk (Vaults:1)
  3 ironbound preservers (Vaults:1)
  2 vampire knights (Swamp:4)
  Azrael (Snake:2)
  4 eleionomae
  4 bunyips
  A dire elephant (Vaults:1)
  3 shambling mangroves
  A fire dragon (Volcano)
  Fannar (Lair:1)
  2 yaktaur captains (Vaults:1)
  17 naga warriors
  3 salamander tyrants (Snake:4)
  17 hydras
  A spriggan air mage (Swamp:2)
  Erica (D:8)
  4 boulder beetles
  2 ghost crabs (Swamp:4)
  An ironbound frostheart (Vaults:1)
  An ogre mage (D:13)
  2 catoblepae
  3 centaur warriors
  5 two-headed ogres
  8 alligators
  8 death yaks
  6 anacondas
  Urug (D:10)
  7 shock serpents
  24 naga sharpshooters
  An orc high priest (Orc:1)
  3 sun demons (Volcano)
  14 spriggans
  4 salamander mystics
  7 naga ritualists
  12 deep trolls (Vaults:1)
  5 goliath frogs
  A sea snake (Snake:1)
  7 spriggan druids
  A flayed ghost (Swamp:4)
  3 bog bodies
  2 phantasmal warriors
  7 ironbound convokers (Vaults:1)
  3 spectral hydras (Swamp:4)
  3 wizards (Vaults:1)
  3 swamp dragons
  3 oklob plants (Swamp:4)
  4 orc knights
  18 ugly things
  12 mana vipers
  5 cyclopes
  A manticore (D:14)
  6 orc sorcerers
  14 salamanders
  4 will-o-the-wisps
  10 elephants (Lair:6)
  Maurice (D:8)
  3 vault sentinels (Vaults:1)
  3 guardian serpents
  25 naga magi
  2 smoke demons (Volcano)
  36 black mambas
  A torpor snail (Lair:5)
  20 cane toads
  6 kobold demonologists
  4 unseen horrors
  13 komodo dragons
  An efreet (D:14)
  4 hydra zombies (Swamp:4)
  2 yaktaurs (Vaults:1)
  A death drake zombie (Swamp:4)
  3 trolls
  A bloated husk (Swamp:1)
  14 slime creatures
  15 tyrant leeches
  16 hornets
  Grinder (D:3)
  4 polar bears
  26 blink frogs
  A death drake skeleton (Swamp:4)
  11 dream sheep (Lair:5)
  2 hydra skeletons (Swamp:4)
  2 wraiths
  Sigmund (D:2)
  32 yaks
  7 vampire mosquitoes
  6 wyverns
  2 fire elementals (Snake:2)
  4 basilisks
  5 steam dragons (Volcano)
  5 wargs
  12 swamp worms
  16 water moccasins
  3 acid dragons
  41 nagas
  3 hydra simulacra (Swamp:4)
  4 hell hounds
  A sky beast (D:6)
  6 swamp drakes
  35 orc warriors
  A necrophage (D:5)
  7 wolves
  8 ogres
  5 black bears
  A swamp dragon zombie (Swamp:4)
  2 boggarts
  A phantom (D:3)
  17 centaurs
  13 kobold brigands
  18 bullfrogs
  3 gnoll sergeants
  A scorpion (Lair:3)
  A water moccasin skeleton (D:4)
  2 howler monkeys
  5 electric eels
  3 centaur zombies
  2 bullfrog skeletons (D:7)
  4 hounds
  3 jellies
  2 gnoll shamans
  10 orc priests
  Crazy Yiuf (D:2)
  3 centaur skeletons
  Ijyb (D:4)
  Terence (D:3)
  2 iguanas
  10 orc wizards
  Natasha (thrice) (D:2)
  A killer bee zombie (D:8)
  A hound zombie (D:5)
  Robin (D:2)
  4 howler monkey zombies
  14 gnolls
  A howler monkey skeleton (D:7)
  5 adders
  3 white imps
  2 ufetubi
  2 adder skeletons
  An adder zombie (D:5)
  3 worms
  A dart slug (D:4)
  57 orcs
  4 endoplasms
  7 giant cockroaches
  15 goblins
  10 hobgoblins
  8 jackals
  2 quokkas
  7 ball pythons
  4 bats
  4 frilled lizards
  29 kobolds
  4 rats
1023 creatures vanquished.

Vanquished Creatures (collateral kills)
  A howler monkey zombie (D:7)
1 creature vanquished.

Vanquished Creatures (others)
  A swamp worm (Swamp:4)
  4 gnolls (D:2)
  A hobgoblin (D:2)
  A rat (D:2)
  2 foxfires (Swamp:1)
  47 fungi
  162 plants
  6 withered plants (Lair:6)
224 creatures vanquished.

Grand Total: 1248 creatures vanquished

Table legend:
 A = Non-vault XP
 B = Vault XP
 C = Vault XP percentage of total XP
 D = Non-vault monster count
 E = Vault monster count
 F = Vault count percentage of total count
                 A         B        C        D         E       F
            +---------+---------+-------+---------+---------+-------
      Total |  228221 |  127108 |  35.8 |     726 |     297 |  29.0
            +---------+---------+-------+---------+---------+-------
        D:1 |      47 |       0 |   0.0 |      21 |       0 |   0.0
        D:2 |      74 |     329 |  81.6 |      18 |      12 |  40.0
        D:3 |     220 |     317 |  59.0 |      28 |       2 |   6.7
        D:4 |     226 |      36 |  13.7 |      14 |       1 |   6.7
        D:5 |     340 |      17 |   4.8 |      10 |       6 |  37.5
        D:6 |     754 |       0 |   0.0 |      13 |       0 |   0.0
        D:7 |     786 |     664 |  45.8 |      12 |      12 |  50.0
        D:8 |    1723 |    3839 |  69.0 |      21 |      10 |  32.3
        D:9 |    2999 |       0 |   0.0 |      35 |       0 |   0.0
       D:10 |    2815 |    2717 |  49.1 |      18 |      13 |  41.9
       D:11 |    3181 |    1518 |  32.3 |      23 |       5 |  17.9
       D:12 |    6817 |       0 |   0.0 |      25 |       0 |   0.0
       D:13 |    6003 |    3737 |  38.4 |      11 |      19 |  63.3
       D:14 |   10988 |       0 |   0.0 |      20 |       0 |   0.0
     Lair:1 |     933 |     899 |  49.1 |       4 |       1 |  20.0
     Lair:2 |    3647 |       0 |   0.0 |      14 |       0 |   0.0
     Lair:3 |    4788 |     685 |  12.5 |      16 |       1 |   5.9
     Lair:4 |    2206 |       0 |   0.0 |       8 |       0 |   0.0
     Lair:5 |   13120 |       0 |   0.0 |      42 |       0 |   0.0
     Lair:6 |   17606 |   10655 |  37.7 |      44 |      41 |  48.2
    Swamp:1 |   14233 |       0 |   0.0 |      28 |       0 |   0.0
    Swamp:2 |    6448 |    5469 |  45.9 |      13 |       7 |  35.0
    Swamp:3 |   16687 |       0 |   0.0 |      33 |       0 |   0.0
    Swamp:4 |   15701 |   27773 |  63.9 |      27 |      41 |  60.3
    Snake:1 |   10810 |     750 |   6.5 |      23 |       3 |  11.5
    Snake:2 |   20660 |    5229 |  20.2 |      41 |       7 |  14.6
    Snake:3 |   17428 |       3 |   0.0 |      33 |       1 |   2.9
    Snake:4 |   24800 |   34836 |  58.4 |      53 |      53 |  50.0
      Orc:1 |    2541 |     500 |  16.4 |      20 |       3 |  13.0
      Orc:2 |     987 |    7708 |  88.6 |      28 |      27 |  49.1
   Vaults:1 |   18653 |   14105 |  43.1 |      30 |      19 |  38.8
    Volcano |       0 |    5322 | 100.0 |       0 |      13 | 100.0
            +---------+---------+-------+---------+---------+-------

Illustrated notes

.#.> ........# ..
........#### ....
.......##.## .....
#.........#####....# ##.#
##................P# P..##
#....##.......#....#
....###........[@.......P#
....##..................##
.................#.......#
.....#...P#....โ€
.....(....
..................#...(((.
.......P.P.......###......
........P#.....### #...#.
#........###..## .....
....#..P..###.# ..#.


Turn 19783 on Lair:5: +2 fire resist leather

Table legend:
 A = Kills in this place as a percentage of kills in entire the game.
 B = Kills by you in this place as a percentage of kills by you in the entire game.
 C = Kills by friends in this place as a percentage of kills by friends in the entire game.
 D = Other kills in this place as a percentage of other kills in the entire game.
 E = Experience gained in this place as a percentage of experience gained in the entire game.
 F = Experience gained in this place divided by the number of levels of this place that you have seen.
                   A       B       C       D       E      F
               +-------+-------+-------+-------+-------+----------------------
         Total | 100.0 | 100.0 | 100.0 |   N/A | 100.0 | 10767.5
       Dungeon |  34.1 |  34.1 | 100.0 |   N/A |  14.1 | 3581.9
          Lair |  16.7 |  16.7 |   0.0 |   N/A |  15.3 | 9089.8
         Swamp |  14.6 |  14.6 |   0.0 |   N/A |  24.3 | 21577.8
     Snake Pit |  20.9 |  20.9 |   0.0 |   N/A |  32.2 | 28629.0
  Orcish Mines |   7.6 |   7.6 |   0.0 |   N/A |   3.3 | 5868.0
        Vaults |   4.8 |   4.8 |   0.0 |   N/A |   9.2 | 32758.0
       Volcano |   1.3 |   1.3 |   0.0 |   N/A |   1.5 | 5322.0
               +-------+-------+-------+-------+-------+----------------------

Table legend: (Time is in decaauts)
 A = Elapsed time spent in this place.
 B = Non-inter-level travel time spent in this place.
 C = Inter-level travel time spent in this place.
 D = Time resting spent in this place.
 E = Time spent auto-exploring this place.
 F = Levels seen in this place.
 G = Mean time per level.
                   A        B        C        D        E       F      G
               +--------+--------+--------+--------+--------+-----+--------+
         Total |  42359 |  39662 |   2697 |  13322 |  17009 |  33 | 1283.6 |
       Dungeon |  19629 |  18093 |   1536 |   5554 |   8387 |  14 | 1402.1 |
        Temple |     18 |     10 |      8 |      0 |      0 |   1 |   18.0 |
          Lair |   8039 |   7372 |    667 |   2032 |   3008 |   6 | 1339.8 |
         Swamp |   3630 |   3510 |    120 |   1016 |   1866 |   4 |  907.5 |
     Snake Pit |   6828 |   6557 |    271 |   3286 |   2258 |   4 | 1707.0 |
  Orcish Mines |   1639 |   1546 |     93 |    439 |    823 |   2 |  819.5 |
        Vaults |   1471 |   1471 |      0 |    403 |    647 |   1 | 1471.0 |
       Volcano |   1100 |   1100 |      0 |    592 |     20 |   1 | 1100.0 |
               +--------+--------+--------+--------+--------+-----+--------+

Top non-repeatable levels by time:
 Snake:3: 2481 daAuts
     D:2: 2381 daAuts
     D:6: 2151 daAuts
  Lair:6: 1940 daAuts
  Lair:5: 1936 daAuts
 Snake:2: 1802 daAuts
     D:9: 1770 daAuts
    D:10: 1650 daAuts
    D:13: 1625 daAuts
     D:8: 1545 daAuts
 Snake:4: 1540 daAuts
Vaults:1: 1471 daAuts
    D:11: 1266 daAuts
 Swamp:4: 1265 daAuts
     D:1: 1167 daAuts
